 Dungeon Crawl Stone Soup version 0.30-a0-1160-g6e42c06551 (webtiles) character file.

Game seed: 3648089426986901749

156081 morax the Brawler (level 17, -1/109 (187) HPs)
             Began as a Troll Fighter on Apr 26, 2023.
             Was the Champion of Ru.
             Slain by a +0 scimitar of distortion (2 damage)
             ... on level 1 of the Elven Halls.
             The game lasted 00:41:46 (31676 turns).

morax the Brawler (Troll Fighter)                  Turns: 31676, Time: 00:41:47

HP:   -1/109 (187)  AC: 20    Str: 28    XL:     17   Next: 9%
MP:   32/32         EV:  3    Int:  8    God:    Ru [******]
Gold: 178           SH: 18    Dex:  9    Spells: 8/26 levels left

rFire   + +          +
                       - Unarmed
rCold   + + +        I - +2 shield of Resistance {rF++ rC++ Will++}
rNeg    . . .        C - +2 storm dragon scales
rPois   +            (helmet restricted)
rElec   +            i - +2 cloak {Stlth+}
rCorr   .            (gloves unavailable)
SInv    .            (boots unavailable)
Will    +++..        x - amulet of reflection Stlth
                     u - ring "Yrinykk Ofoi" {rF++ rC++ MP+9 Slay+5}
HPRegen 1.18/turn    v - ring of poison resistance
MPRegen 0.23/turn

%: reflection
@: overwhelmed with horror, very heavily drained, unable to read
A: large, unfitting armour, claws 3, regeneration 1, shaggy fur 1, tough skin 1,
inability to read after injury 2, inability to use devices, cowardly, reduced EV
1, missing an eye, robust 1, weak 1, noise suppression
a: Renounce Religion, Draw Out Power, Power Leap, Apocalypse


You were on level 1 of the Elven Halls.
You worshipped Ru.
Ru was exalted by your worship.
You visited 5 branches of the dungeon, and saw 27 of its levels.
You visited 1 bazaar.
You also visited: Bailey and Ice Cave.

You collected 3217 gold pieces.
You spent 3039 gold pieces at shops.

Inventory:

Missiles
 g - 12 large rocks (quivered)
 h - 36 poisoned darts
 l - 6 curare-tipped darts
 n - 10 boomerangs
 p - a throwing net
 t - 8 boomerangs of dispersal
Armour
 i - a +2 cloak of stealth (worn)
 C - +2 storm dragon scales (worn)
 I - the +2 shield of Resistance (worn) {rF++ rC++ Will++}
   (You found it on level 15 of the Dungeon)

   rF:        It greatly protects you from fire.
   rC:        It greatly protects you from cold.
   Will:      It greatly increases your willpower.
Jewellery
 u - the ring "Yrinykk Ofoi" (left claw) {rF++ rC++ MP+9 Slay+5}
   (You bought it in a shop on level 10 of the Dungeon)

   [ring of magical power]

   Slay:      It affects your accuracy & damage with ranged weapons and melee
   (+5).
   rF:        It greatly protects you from fire.
   rC:        It greatly protects you from cold.
   MP:        It affects your magic capacity (+9).
 v - a ring of poison resistance (right claw)
 x - an amulet of reflection (around neck)
 F - a ring of ice
 K - a ring of protection from fire
 N - a ring of ice
Scrolls
 c - 13 scrolls of identify
 d - a scroll of fog
 e - a scroll of enchant weapon
 j - 6 scrolls of poison
 m - 4 scrolls of enchant armour
 y - 3 scrolls of blinking
 z - a scroll of torment {unknown}
 B - a scroll of brand weapon
 D - 3 scrolls of amnesia
 E - a scroll of summoning
 G - 6 scrolls of teleportation
Potions
 a - 2 potions of flight
 f - 5 potions of brilliance
 o - 4 potions of attraction
 q - 2 potions of curing
 r - 6 potions of might
 s - 4 potions of mutation
 w - 2 potions of cancellation
 A - a potion of resistance
 H - a potion of magic
 J - a potion of lignification
 L - a potion of haste


   Skills:
 + Level 11.3 Fighting
 + Level 9.0 Throwing
 * Level 7.5 Armour
 * Level 7.9 Dodging
 + Level 12.3 Shields
 - Level 17.2 Unarmed Combat
 + Level 5.0 Spellcasting
 + Level 6.0 Transmutations
 - Level 3.0 Air Magic


You had 8 spell levels left.
You knew the following spells:

 Your Spells              Type           Power      Damage    Failure   Level
a - Storm Form            Tmut/Air       2%         N/A       100%        7
b - Ice Form              Ice/Tmut       3%         N/A       99%         4
c - Dragon Form           Tmut           3%         N/A       100%        7

Your spell library contained the following spells:

 Spells                   Type           Power      Damage    Failure   Level
 Passwall                 Tmut/Erth      2%         N/A       63%         2
 Poisonous Vapours        Pois/Air       4%         N/A       83%         2
 Swiftness                Air            3%         N/A       86%         3
 Apportation              Tloc           2%         N/A       88%         1
 Necrotise                Necr           4%         1d4       88%         1
 Sandblast                Erth           2%         2d4       88%         1
 Summon Small Mammal      Summ           4%         N/A       88%         1
 Blink                    Tloc           2%         N/A       96%         2
 Ensorcelled Hibernation  Hex/Ice        2%         N/A       96%         2
 Lesser Beckoning         Tloc           2%         N/A       96%         2
 Scorch                   Fire           2%         2d5       96%         2
 Sublimation of Blood     Necr           1%         N/A       96%         2
 Mephitic Cloud           Conj/Pois/Air  1%         N/A       98%         3
 Dazzling Flash           Conj/Hex       2%         N/A       99%         3
 Frozen Ramparts          Ice            2%         1d1       99%         3
 Gell's Gravitas          Tloc           1%         N/A       99%         3
 Stone Arrow              Conj/Erth      2%         3d7       99%         3
 Teleport Other           Tloc           1%         N/A       99%         3
 Volatile Blastmotes      Fire/Tloc      2%         2d10      99%         3
 Petrify                  Tmut/Erth      3%         N/A       99%         4
 Blade Hands              Tmut           3%         N/A       99%         5
 Flame Wave               Conj/Fire      1%         2d4       100%        4
 Fulminant Prism          Conj/Hex       0%         3d5       100%        4
 Iskenderun's Mystic Bla  Conj/Tloc      1%         2d3       100%        4
 Manifold Assault         Tloc           1%         N/A       100%        4
 Summon Ice Beast         Ice/Summ       1%         N/A       100%        4
 Agony                    Necr           1%         N/A       100%        5
 Alistair's Intoxication  Tmut/Pois      2%         N/A       100%        5
 Borgnjor's Vile Clutch   Necr/Erth      0%         N/A       100%        5
 Freezing Cloud           Conj/Ice/Air   0%         6-21      100%        5
 Irradiate                Conj/Tmut      1%         3d12      100%        5
 Lee's Rapid Deconstruct  Erth           0%         3d4*      100%        5
 Silence                  Hex/Air        1%         N/A       100%        5
 Dispersal                Tloc           0%         N/A       100%        6
 Eringya's Noxious Bog    Tmut/Pois      1%         N/A       100%        6
 Simulacrum               Ice/Necr       0%         N/A       100%        6
 Summon Cactus Giant      Summ           0%         N/A       100%        6
 Ozocubu's Refrigeration  Ice            0%         4d7       100%        7
 Disjunction              Tloc           0%         N/A       100%        8
 Polar Vortex             Ice            0%         N/A       100%        9


Dungeon Overview and Level Annotations

Branches:
Dungeon (15/15)            Temple (0/1) D:4            Lair (5/5) D:9
  Swamp (0/4) Lair:2        Snake (4/4) Lair:2        Slime (0/5) Lair:4
    Orc (2/2) D:12            Elf (1/3) Orc:2        Depths (0/4) D:15
 Bailey (visited)           IceCv (visited)
 Vaults: D:13-14

Altars:
Cheibriados
Elyvilon
Hepliaklqana
Kikubaaqudgha
Makhleb
Ru
Sif Muna
Trog
Vehumet
Wu Jian
Zin
Jiyva

Shops:
D:2 *   D:9 *   D:10 =   Orc:2 =?[([   Snake:1 [

Portals:
Trove: D:14 (give 13 potions of heal wounds)

Annotations:
D:9 exclusion: statue
D:11 2 runed translucent doors
D:14 exclusion: door
D:15 1 runed translucent door
Lair:1 3 runed translucent doors, Mgcat's ghost, journeyman AtFi
Snake:1 2 transporters


Innate Abilities, Weirdness & Mutations

You are too large for most types of armour.
You have claws for hands.
Your natural rate of healing is unusually fast.
You are covered in fur. (AC +1)
You have tough skin. (AC +1)
You sometimes lose the ability to read scrolls when taking damage.
You cannot study or use magical devices.
Your cowardice makes you less effective in combat with threatening foes.
You have somewhat slow reflexes. (EV -5)
You are missing an eye, making it more difficult to aim.
You are robust. (+10% HP)
You are weak. (Str -2)
You passively dampen the noise of your surroundings.


Message History

The deep elf death mage shouts!
You hear a shout!
Throw: 13 large rocks
Press: ? - help, Q - select action, (/) - cycle Shift-Dir - straight line You throw a large rock.
The large rock closely misses the deep elf zephyrmancer.
The deep elf zephyrmancer casts a spell at you.
The bolt of lightning hits you! You resist.
The deep elf death mage points at you and mumbles some strange words.
The bolt of negative energy hits the +0 scimitar of distortion.
The +0 scimitar of distortion completely resists.
The bolt of negative energy hits you!!!
You feel drained.
A deep elf demonologist comes into view.
It is wielding a +0 long sword.
The deep elf pyromancer begins to cast a spell, but is stunned by your conviction!
You block the +1 war axe of freezing's attack.
The deep elf zephyrmancer points at you and mumbles some strange words.
The bolt of lightning hits the +0 scimitar of distortion.
The +0 scimitar of distortion completely resists.
The bolt of lightning hits you. You resist.
The deep elf death mage casts a spell at you.
The bolt of negative energy hits you!!!
You feel drained.
You feel threatened and lose the ability to read scrolls!
* * * LOW HITPOINT WARNING * * *
Monsters!
Monsters everywhere!
You have to get out of here!
The +0 scimitar of distortion is stunned by your conviction and fails to attack.
The fire elemental hits you. The fire elemental burns you! You resist.
* * * LOW HITPOINT WARNING * * *
The deep elf zephyrmancer points at you and mumbles some strange words.
The bolt of lightning hits the fire elemental.
The fire elemental resists.
The bolt of lightning hits you! You resist.
* * * LOW HITPOINT WARNING * * *
The bolt of lightning hits the +1 war axe of freezing.
The +1 war axe of freezing completely resists.
The deep elf zephyrmancer begins to cast a spell, but is stunned by your conviction!
The deep elf pyromancer mumbles some strange words.
You barely miss the +1 war axe of freezing.
You block the +1 war axe of freezing's attack.
The +0 scimitar of distortion hits you!
* * * LOW HITPOINT WARNING * * *
Space warps around you.
You die...

####...####
#....(....#
....e....
....... . .....
. ... ##..°##
...
....#..E..#....
.Ee....@...^...
..e....((....e.
...............
....#.....#e...
... ##...## ...
.. ..... .. #
....... #
.......
....)....


You could see a deep elf death mage, a deep elf demonologist, a deep elf
pyromancer, 2 deep elf zephyrmancers, 2 fire elementals and 2 dancing weapons.

Vanquished Creatures
  Rupert (Snake:1)
  A sphinx (shapeshifter) (D:15)
  A nagaraja (Snake:1)
  2 reapers (IceCv)
  2 fire dragons (D:15)
  Snorg (D:11)
  An entropy weaver (shapeshifter) (D:15)
  A great orb of eyes (D:15)
  Fannar (D:12)
  2 rakshasas (D:15)
  A vault guard (D:14)
  A catoblepas (Lair:5)
  2 ice dragons (D:15)
  10 hydras
  10 anacondas
  A caustic shrike simulacrum (IceCv)
  A centaur warrior (D:13)
  2 alligators (Snake:3)
  2 alligator snapping turtles (Snake:3)
  4 boulder beetles
  Erica (D:9)
  3 two-headed ogres
  11 naga warriors
  A tengu warrior (D:11)
  10 death yaks
  3 orc high priests (Orc:2)
  5 naga sharpshooters
  10 shock serpents
  Sonja (Lair:2)
  2 goliath frogs (Snake:3)
  3 salamander mystics
  3 skeletal warriors (D:14)
  3 sea snakes (Snake:3)
  A glowing orange brain (shapeshifter) (D:15)
  4 naga ritualists
  9 orc knights
  A spriggan simulacrum (IceCv)
  2 obsidian statues (IceCv)
  Pikel (D:6)
  2 bog bodies
  A deep elf zephyrmancer (Elf:1)
  5 orc sorcerers
  11 mana vipers
  3 manticores
  3 cyclopes
  8 ugly things
  10 salamanders
  An ice statue (Snake:1)
  40 black mambas
  4 guardian serpents (Snake:3)
  2 gargoyles
  Joseph (D:7)
  13 naga magi
  7 cane toads
  An unseen horror (D:11)
  3 rime drakes
  2 anaconda simulacra (IceCv)
  4 freezing wraiths (IceCv)
  3 kobold demonologists
  4 golden dragon simulacra (IceCv)
  8 komodo dragons
  A tengu conjurer (D:11)
  An ice devil (IceCv)
  9 polar bears
  9 trolls
  7 hornets (Lair:5)
  2 tarantellas (shapeshifter)
  3 blink frogs (Lair:1)
  2 dream sheep
  2 snapping turtles (Snake:3)
  14 spriggans (Lair:5)
  10 slime creatures
  49 yaks
  Eustachio (D:5)
  5 wyverns
  A shadow (D:10)
  4 wraiths
  4 basilisks
  11 humans (D:14)
  Menkaure (D:7)
  18 vampire mosquitoes
  2 steam dragons
  42 nagas
  A warg (Orc:1)
  14 water moccasins
  3 acid dragons
  A hydra simulacrum (IceCv)
  30 orc warriors
  6 sky beasts (D:7)
  3 ice beasts
  10 black bears
  An ogre (D:7)
  6 ettin simulacra (IceCv)
  3 centaurs
  3 boggarts (Lair:5)
  28 wolves
  3 kobold brigands
  Blork the orc (D:6)
  6 bullfrogs
  2 gnoll sergeants
  2 scorpions
  10 wights
  10 killer bees
  4 howler monkeys
  4 hounds
  A jelly (D:5)
  9 orc priests
  7 iguanas
  25 orc wizards
  10 gnolls
  6 adders
  A shadow imp (D:7)
  4 white imps
  2 ufetubi
  2 worms
  3 dart slugs
  71 orcs
  8 ball pythons
  7 endoplasms
  3 giant cockroaches (D:1)
  10 goblins
  9 hobgoblins
  4 jackals (D:1)
  20 kobolds
  3 quokkas
  7 bats
  3 frilled lizards
  6 rats
827 creatures vanquished.

Vanquished Creatures (others)
  A naga warrior (Snake:2)
  A goliath frog (Snake:3)
  A deep elf pyromancer (D:15)
  A manticore (D:12)
  2 naga magi
  2 cane toads
  A dream sheep (Lair:4)
  A naga (Snake:3)
  A hydra simulacrum (IceCv)
  An orc warrior (Bailey)
  A black bear (Lair:2)
  2 orcs
  13 fungi
  35 plants
63 creatures vanquished.

Grand Total: 890 creatures vanquished

Notes
Turn   | Place    | Note
-------+----------+-------------------------------------------
     0 | D:1      | morax the Troll Fighter began the quest for the Orb.
     0 | D:1      | Reached XP level 1. HP: 22/22 MP: 0/0
    97 | D:1      | Reached XP level 2. HP: 29/29 MP: 1/1
   191 | D:1      | Found a faded altar of an unknown god.
   267 | D:1      | Reached XP level 3. HP: 36/36 MP: 2/2
   442 | D:1      | Reached skill level 3 in Unarmed Combat
  1256 | D:2      | Reached XP level 4. HP: 40/44 MP: 3/3
  1335 | D:2      | Found Bitapnes's Assorted Antiques.
  1691 | D:3      | Found a sacrificial altar of Ru.
  1740 | D:3      | Became a worshipper of Ru the Awakened
  1855 | D:3      | Found an ornate altar of the Wu Jian Council.
  1914 | D:3      | Reached skill level 4 in Unarmed Combat
  1914 | D:3      | Reached XP level 5. HP: 36/53 MP: 4/4
  2243 | D:4      | Identified the +6 flail of Spite {heavy, Int+2}
  2260 | D:4      | Found a staircase to the Ecumenical Temple.
  2447 | D:4      | Reached XP level 6. HP: 59/61 MP: 5/5
  2474 | D:4      | Found an ancient bone altar of Kikubaaqudgha.
  2484 | D:4      | Found a burning altar of Makhleb.
  2484 | D:4      | Found a hazy altar of Hepliaklqana.
  2690 | D:4      | Gained mutation: You cannot study or use magical devices.
                  | [Ru sacrifice]
  2690 | D:4      | Reached * piety under Ru
  2690 | D:4      | Reached ** piety under Ru
  2852 | D:5      | Entered Level 5 of the Dungeon
  3076 | D:5      | Noticed Eustachio
  3099 | D:5      | Killed Eustachio
  3100 | D:5      | Reached skill level 5 in Unarmed Combat
  3257 | D:5      | Reached XP level 7. HP: 56/68 MP: 6/6
  3535 | D:5      | Identified the +8 mace of the Radish {holy, rN+}
  3807 | D:5      | Found a snail-covered altar of Cheibriados.
  3881 | D:6      | Noticed a steam dragon
  3947 | D:6      | Noticed Blork the orc
  3955 | D:6      | Killed Blork the orc
  3956 | D:6      | Reached skill level 6 in Unarmed Combat
  4010 | D:6      | Noticed Pikel
  4032 | D:6      | Killed Pikel
  4033 | D:6      | Reached skill level 5 in Shields
  4033 | D:6      | Reached skill level 7 in Unarmed Combat
  4033 | D:6      | Reached XP level 8. HP: 46/79 MP: 7/7
  4103 | D:6      | Found a bloodstained altar of Trog.
  4150 | D:6      | Gained mutation: You are weak. (Str -2) [potion of
                  | mutation]
  4150 | D:6      | Gained mutation: You are robust. (+10% HP) [potion of
                  | mutation]
  4150 | D:6      | Gained mutation: You passively dampen the noise of your
                  | surroundings. [potion of mutation]
  4522 | D:6      | Reached skill level 5 in Fighting
  4757 | D:7      | Reached skill level 8 in Unarmed Combat
  4890 | D:7      | Reached XP level 9. HP: 93/96 MP: 8/8
  4955 | D:7      | Gained mutation: You occasionally lose the ability to read
                  | scrolls when taking damage. [Ru sacrifice]
  4955 | D:7      | Gained mutation: You sometimes lose the ability to read
                  | scrolls when taking damage. [Ru sacrifice]
  4955 | D:7      | Reached *** piety under Ru
  4957 | D:7      | Found a white marble altar of Elyvilon.
  5024 | D:7      | Noticed Joseph
  5039 | D:7      | Found a flagged portal.
  5069 | Bailey   | Entered a bailey
  5080 | Bailey   | Reached skill level 9 in Unarmed Combat
  5141 | Bailey   | Noticed an orc knight
  5162 | Bailey   | Killed an orc knight
  5455 | Bailey   | Reached skill level 10 in Unarmed Combat
  5880 | D:7      | Killed Joseph
  5881 | D:7      | Reached XP level 10. HP: 87/110 MP: 9/9
  5988 | D:7      | Noticed Menkaure
  6315 | D:7      | Killed Menkaure
  6362 | D:7      | Reached skill level 11 in Unarmed Combat
  7536 | D:9      | Found a staircase to the Lair.
  7616 | D:9      | Found Odugo's General Store.
  7650 | D:9      | Noticed a two-headed ogre
  7659 | D:9      | Killed a two-headed ogre
  7660 | D:9      | Reached skill level 12 in Unarmed Combat
  7814 | D:9      | Reached XP level 11. HP: 119/119 MP: 10/10
  7839 | D:9      | Gained mutation: Your cowardice makes you less effective in
                  | combat with threatening foes. [Ru sacrifice]
  7839 | D:9      | Reached **** piety under Ru
  7850 | D:9      | Noticed Erica
  7860 | D:9      | Killed Erica
  7900 | D:9      | Found a radiant altar of Vehumet.
  8011 | D:10     | Entered Level 10 of the Dungeon
  8299 | D:10     | Found a glowing silver altar of Zin.
  8299 | D:10     | Noticed an angel
  8453 | D:10     | Found Enousa Jawk's Jewellery Boutique.
  8456 | D:10     | Bought the ring "Yrinykk Ofoi" {rF++ rC++ MP+9 Slay+5} for
                  | 830 gold pieces
  8457 | D:10     | Bought a ring of poison resistance for 200 gold pieces
  8549 | D:10     | Found the +5 scythe "Finisher" {speed, execute}
  8790 | D:10     | Reached skill level 13 in Unarmed Combat
  8941 | Lair:1   | Entered Level 1 of the Lair of Beasts
  9068 | Lair:1   | Noticed a four-headed hydra
  9075 | Lair:1   | Killed a four-headed hydra
  9216 | Lair:1   | Noticed a boulder beetle
  9233 | Lair:1   | Killed a boulder beetle
  9263 | Lair:1   | Found a runed translucent gate.
  9265 | Lair:1   | Found a runed translucent gate.
  9268 | Lair:1   | Found a runed translucent gate.
  9272 | Lair:1   | Noticed Mgcat's ghost (journeyman AtFi)
  9984 | Lair:2   | Found a staircase to the Snake Pit.
 10147 | Lair:2   | Noticed a death yak
 10147 | Lair:2   | Noticed a death yak
 10147 | Lair:2   | Noticed a death yak
 10147 | Lair:2   | Noticed a death yak
 10148 | Lair:2   | Noticed a death yak
 10165 | Lair:2   | Killed a death yak
 10166 | Lair:2   | Reached skill level 14 in Unarmed Combat
 10166 | Lair:2   | Reached XP level 12. HP: 134/134 MP: 11/11
 10172 | Lair:2   | Killed a death yak
 10176 | Lair:2   | Killed a death yak
 10180 | Lair:2   | Killed a death yak
 10230 | Lair:2   | Killed a death yak
 10241 | Lair:2   | Learned a level 7 spell: Storm Form
 10241 | Lair:2   | Gained mutation: You are missing an eye, making it more
                  | difficult to aim. [Ru sacrifice]
 10241 | Lair:2   | Reached ***** piety under Ru
 10308 | Lair:2   | Noticed Sonja
 10313 | Lair:2   | Killed Sonja
 10416 | Lair:2   | Found a staircase to the Swamp.
 10433 | Lair:2   | Reached skill level 10 in Shields
 11020 | Lair:2   | Reached skill level 1 in Armour
 11036 | Lair:2   | Reached skill level 1 in Transmutations
 11180 | Lair:3   | Reached skill level 1 in Air Magic
 11216 | Lair:3   | Identified the +0 leather armour of the Boiling Point
                  | {Int+3}
 11285 | Lair:3   | Reached skill level 1 in Spellcasting
 11931 | Lair:4   | Noticed a death yak
 11946 | Lair:4   | Noticed a death yak
 11959 | Lair:4   | Killed a death yak
 11960 | Lair:4   | Reached skill level 15 in Unarmed Combat
 12164 | Lair:4   | Learned a level 4 spell: Ice Form
 12166 | Lair:4   | Found a shimmering blue altar of Sif Muna.
 12210 | Lair:4   | Killed a death yak
 12211 | Lair:4   | Reached XP level 13. HP: 112/142 MP: 13/14
 12593 | Lair:4   | Found a staircase to the Slime Pits.
 12601 | Lair:4   | Gained mutation: You have somewhat slow reflexes. (EV -5)
                  | [Ru sacrifice]
 12601 | Lair:4   | Reached ****** piety under Ru
 12814 | Lair:4   | Found a viscous altar of Jiyva.
 12916 | Lair:4   | Reached skill level 1 in Throwing
 13542 | Lair:5   | Entered Level 5 of the Lair of Beasts
 13674 | Lair:5   | Identified the +10 battleaxe of the Shining Light {speed,
                  | rPois Str+3}
 15891 | D:11     | Noticed Snorg
 15904 | D:11     | Killed Snorg
 15905 | D:11     | Reached XP level 14. HP: 34/136 MP: 16/16
 16236 | D:11     | Found a runed translucent door.
 16265 | D:11     | Reached skill level 10 in Fighting
 16292 | D:11     | You fall into a shaft and drop 3 floors!
 16553 | D:13     | Found a flickering gateway to a bazaar.
 16561 | Bazaar   | Entered a bazaar
 16561 | Bazaar   | Found Deal's Book Emporium.
 16561 | Bazaar   | Found Poumpil's Jewellery Shop.
 16561 | Bazaar   | Found Paesh's Antique Weapon Shoppe.
 16561 | Bazaar   | Found Pinagiex's Armour Shop.
 16563 | Bazaar   | Found Kiockuog's Antique Weapon Shoppe.
 16565 | Bazaar   | Bought a book of Transfigurations for 440 gold pieces
 17191 | D:12     | Reached skill level 16 in Unarmed Combat
 17338 | D:12     | Learned a level 7 spell: Dragon Form
 17689 | D:11     | Found a runed translucent door.
 18077 | D:12     | Noticed Fannar
 18089 | D:12     | Killed Fannar
 18544 | D:12     | Reached skill level 5 in Throwing
 18702 | D:12     | Found a staircase to the Orcish Mines.
 18963 | D:14     | Found a portal to a secret trove of treasure.
 19174 | D:14     | Reached skill level 5 in Dodging
 19789 | D:15     | Entered Level 15 of the Dungeon
 19912 | D:15     | Found a runed translucent door.
 19915 | D:15     | Found the +2 shield of Resistance {rF++ rC++ Will++}
 19956 | D:15     | Found a runed translucent door.
 20430 | D:15     | Reached XP level 15. HP: 93/134 MP: 19/19
 20644 | D:15     | Noticed a sphinx
 20670 | D:15     | Killed a sphinx
 20881 | D:15     | Found a staircase to the Depths.
 20895 | D:15     | Identified the +0 robe of Dogum {Str+2}
 21170 | Orc:1    | Entered Level 1 of the Orcish Mines
 21343 | Orc:1    | You fall into a shaft and drop 1 floor!
 21343 | Orc:2    | Entered Level 2 of the Orcish Mines
 21875 | Orc:2    | Found Vasonoca's Armour Shoppe.
 21887 | Orc:2    | Found a bloodstained altar of Trog.
 22110 | Orc:2    | Found a staircase to the Elven Halls.
 22315 | Orc:2    | Found Laledick's Antique Weapon Boutique.
 22330 | Orc:2    | Reached skill level 5 in Armour
 22533 | Orc:2    | Found Okhul's Armour Boutique.
 22534 | Orc:2    | Found Jofuf's Jewellery Emporium.
 22565 | Orc:2    | Found Tiahont's Magic Scroll Emporium.
 22571 | Orc:2    | Bought a scroll of teleportation for 42 gold pieces
 22571 | Orc:2    | Bought a scroll of teleportation for 42 gold pieces
 22571 | Orc:2    | Bought a scroll of magic mapping for 105 gold pieces
 22896 | Snake:1  | Entered Level 1 of the Snake Pit
 22937 | Snake:1  | Found a frozen archway.
 22956 | IceCv    | Entered an ice cave
 23940 | Snake:1  | Found a transporter.
 23955 | Snake:1  | Found a transporter.
 24118 | Snake:1  | Found a transporter.
 24118 | Snake:1  | Found a transporter.
 24120 | Snake:1  | Found a transporter.
 24120 | Snake:1  | Found a transporter.
 24349 | Snake:1  | Noticed Rupert
 24357 | Snake:1  | Killed Rupert
 24358 | Snake:1  | Reached skill level 17 in Unarmed Combat
 24433 | Snake:1  | Noticed a nagaraja
 24447 | Snake:1  | Killed a nagaraja
 25094 | Snake:1  | Found Noystilycu's Armour Shop.
 25267 | Snake:1  | Reached skill level 5 in Transmutations
 25267 | Snake:1  | Reached XP level 16. HP: 166/167 MP: 21/21
 26503 | Snake:2  | Found a radiant altar of Vehumet.
 30460 | Snake:3  | Reached skill level 5 in Spellcasting
 30470 | Snake:3  | Reached XP level 17. HP: 116/138 MP: 23/23
 30782 | Snake:1  | Bought +2 storm dragon scales for 1380 gold pieces
 31024 | Snake:4  | Entered Level 4 of the Snake Pit
 31672 | Elf:1    | Entered Level 1 of the Elven Halls
 31676 | Elf:1    | HP: 1/109 [+0 scimitar of distortion (10)]
 31676 | Elf:1    | Slain by a +0 scimitar of distortion

Illustrated notes

Levels and vault maps discovered:
D:1:      saegor_arrival_fortress, layout_loops_ring,
          shapermc_ecumenical_altar_gd, serial_co_window_serial,
          co_window_of_opportunity_a, co_window_paths_a, co_window_paths_b,
          co_window_paths_b, co_window_paths_a, co_window_broadway_a,
          co_window_corner_b, co_window_cross_2, co_window_broadway_a,
          co_window_paths_d, glass_columns_b, glass_columns_b, glass_columns_b,
          glass_columns_a, glass_columns_c, minmay_split_cup_large
D:2:      layout_rooms, serial_shops, nicolae_shop_peninsula
D:3:      layout_rooms, nzn_wu_jian_council_hall,
          nicolae_ru_the_path_less_chosen, serial_corexii_hall,
          chequers_hall_statues_wall_a, corexii_hall_statues_deadend,
          st_stairs_3
D:4:      layout_loops_ring, grunt_temple_overflow_open,
          minmay_temple_entry_waves
D:5:      layout_loops_corners, cheibrodos_worm_habitat,
          minmay_misc_feat_encased, uniq_eustachio
D:6:      layout_loops_cross, trog_hazing_becter, uniq_pikel, uniq_blork_the_orc
D:7:      minmay_polygon_palace, layout_rooms, marbit_many_paths,
          enter_bailey_2, uniq_joseph, uniq_menkaure
D:8:      layout_loops_ring
D:9:      layout_rooms, vehumet_statue, lair_entry_dummy, serial_shops, shop,
          uniq_erica
D:10:     layout_roguey, zin_angel, serial_shops, shop, abandoned_shop
D:11:     lemuel_insect_pit, layout_rooms, minivault_23, hive_lemuel, uniq_snorg
D:12:     layout_layer_cave, david_orc_4, chequers_serial_rivers_micro_b,
          uniq_fannar
D:13:     layout_gridville, serial_shops, bzr_entry_dummy
D:14:     layout_irregular_city, grunt_vaults_entry_tiered, enter_trove_5,
          hangedman_abyss_or_decor_stagger
D:15:     gammafunk_enter_depths_forms, layout_basic, minmay_misc_feat_iff,
          minmay_guarded_unrand_resistance
Lair:1:   layout_roguey, gammafunk_ghost_necromancy, serial_forest,
          infiniplex_forest_lined_2, infiniplex_forest_lined_3,
          infiniplex_forest_lined_3, infiniplex_forest_diagonal,
          infiniplex_forest_clump_curved
Lair:2:   beast_lair_carwin_large_1, layout_small_grid,
          skrybe_swamp_entry_bodies, minmay_snake_entry_guardpost_small,
          uniq_sonja
Lair:3:   layout_roguey, chequers_serial_rivers_micro_c, minivault_26,
          lemuel_fruit_tree
Lair:4:   layout_roguey, slime_entry_1, basic_altar, minmay_shattered_shrine
Lair:5:   minmay_lair_end_enchanted_forest, layout_cave_pods
Snake:1:  layout_chambers, portal_ice_cave_entry_ice_statue_one, serial_shops,
          shop, abandoned_shop, serial_nicolae_subway,
          nicolae_sub_station_stone, nicolae_sub_station_crystal,
          nicolae_sub_station_metal, grunt_megastairs_2, uniq_rupert
Snake:2:  layout_grid_shapes, basic_altar, drop_trap
Snake:3:  layout_cave_town, nicolae_snake_herptile_family_reunion,
          serial_bayou_shore_b
Snake:4:  minmay_snake_end_coiled, layout_layer_cave,
          nicolae_snake_coiling_death, minmay_shop_star, serial_bayou_shore_b
Orc:1:    layout_caves
Orc:2:    st_orc_elflike, layout_caves, serial_shops, shop, basic_altar,
          rock_pile
Elf:1:    minmay_elf_arrival_circle, layout_geoelf_diagonals,
          hangedman_elf_represent, uniq_azrael

Skill      XL: |  1  2  3  4  5  6  7  8  9 10 11 12 13 14 15 16 17 |
---------------+----------------------------------------------------+-----
Shields        | 3 4 5 6 7 8 9 10 11 12 | 12.3
Unarmed Combat | 3 4 5 7 8 10 12 14 15 16 17 | 17.2
Fighting       | 3 4 5 6 7 8 9 10 11 | 11.3
Armour         | 2 3 4 5 7 |  7.5
Transmutations | 1 3 4 5 6 |  6.0
Air Magic      | 1 2 3 |  3.0
Spellcasting   | 1 2 3 4 5 |  5.0
Dodging        | 3 4 5 6 7 |  7.9
Throwing       | 3 6 7 8 9 |  9.0

Action                     |  1- 3 |  4- 6 |  7- 9 | 10-12 | 13-15 | 16-18 || total
---------------------------+-------+-------+-------+-------+-------+-------++-------
  Melee: Unarmed           |   102 |   178 |   241 |   527 |  1274 |   524 ||  2846
  Throw: Dart              |       |       |    19 |     3 |    17 |       ||    39
         Large rock        |       |       |       |     7 |    19 |    15 ||    41
 Invoke: Sacrifice Artific |       |     1 |       |       |       |       ||     1
         Draw Out Power    |       |       |     1 |     1 |     1 |     1 ||     4
         Sacrifice Words   |       |       |     1 |       |       |       ||     1
         Sacrifice Courage |       |       |       |     1 |       |       ||     1
         Apocalypse        |       |       |       |     1 |    14 |     9 ||    24
         Sacrifice an Eye  |       |       |       |     1 |       |       ||     1
         Sacrifice Health  |       |       |       |       |     1 |       ||     1
    Use: Scroll            |       |     3 |     8 |     4 |    13 |       ||    28
         Potion            |       |       |    12 |     1 |     3 |    13 ||    29
   Stab: Sleeping          |     1 |     1 |     1 |     6 |    15 |     4 ||    28
         Distracted        |       |       |     1 |     2 |     7 |     4 ||    14
         Invisible         |       |       |     1 |     2 |    15 |    10 ||    28
         Paralysed         |       |       |       |       |    26 |    20 ||    46
         Petrified         |       |       |       |       |     3 |       ||     3
 Armour: Robe              |    43 |    37 |    51 |   139 |   275 |    62 ||   607
         Skin              |       |       |     4 |     5 |    12 |       ||    21
         Storm dragon scal |       |       |       |       |       |    25 ||    25
  Dodge: Dodged            |    27 |    52 |    74 |   133 |   183 |    51 ||   520
  Block: Kite shield       |    50 |    56 |   106 |   188 |   681 |   353 ||  1434
         Reflection        |       |       |       |       |    24 |    33 ||    57

Table legend: (Time is in decaauts)
 A = Elapsed time spent in this place.
 B = Non-inter-level travel time spent in this place.
 C = Inter-level travel time spent in this place.
 D = Time resting spent in this place.
 E = Time spent auto-exploring this place.
 F = Levels seen in this place.
 G = Mean time per level.
                   A        B        C        D        E       F      G
               +--------+--------+--------+--------+--------+-----+--------+
         Total |  31317 |  29203 |   2114 |   6686 |  16221 |  30 | 1043.9 |
       Dungeon |  13969 |  12937 |   1032 |   1485 |   8608 |  15 |  931.3 |
          Lair |   6731 |   6383 |    348 |   1301 |   3826 |   5 | 1346.2 |
     Snake Pit |   7292 |   6707 |    585 |   2943 |   2438 |   4 | 1823.0 |
  Orcish Mines |   1744 |   1598 |    146 |    259 |   1020 |   2 |  872.0 |
   Elven Halls |      5 |      5 |      0 |      0 |      0 |   1 |    5.0 |
        Bazaar |     48 |     48 |      0 |      0 |     36 |   1 |   48.0 |
        Bailey |    582 |    582 |      0 |    129 |    213 |   1 |  582.0 |
      Ice Cave |    944 |    944 |      0 |    568 |     80 |   1 |  944.0 |
               +--------+--------+--------+--------+--------+-----+--------+

Top non-repeatable levels by time:
 Snake:2: 2714 daAuts
 Snake:3: 2314 daAuts
 Snake:1: 2127 daAuts
  Lair:5: 1786 daAuts
  Lair:4: 1551 daAuts
    D:12: 1461 daAuts
  Lair:2: 1342 daAuts
    D:15: 1287 daAuts
     D:1: 1164 daAuts
  Lair:3: 1118 daAuts
     D:7: 1061 daAuts
    D:14: 1046 daAuts
     D:5: 1033 daAuts
    D:10: 1025 daAuts
   Orc:2: 978 daAuts
